AoeStats
← ec1ips3

Fortress

509913617Analyzed
4v4 RM · 4d ago on Sep 28, 2026· 42m 40s· 8 players
Game mode
Random Map
Map size
Huge
Population
200
Speed
Normal
Resources
Standard
Victory
Conquest
Starting age
Dark Age
Ending age
Imperial Age
RankedLock teamsTeams togetherTeam positionsShared explorationLock speedFull tech treeHidden civsTurbo modeCheats
Victory
Defeat
1121
+11
🇨🇳 Shu · China
1091
+12
🇹🇷 Persians · Türkiye
1079
+13
🇨🇳 Khitans · China
1072
+13
🇪🇸 Wu · Spain
1048
-13
🇳🇱 Ethiopians · Netherlands
1048
-14
🇪🇸 Goths · Spain
1032
-13
🇺🇸 Wei · United States
905
-9
Krau
3:58 Loom
8:12 Feudal Age
12:03 Castle Age
10:55 Double-Bit Axe
19:50 Wheelbarrow
22:10 Hand Cart
26:15 Imperial Age
25:14 Forging
25:04 Scale Mail Armor
25:09 Anarchy
26:13 Bow Saw
25:49 Town Watch
26:42 Iron Casting
26:02 Pikeman
26:44 Squires
26:51 Town Patrol
27:15 Chain Mail Armor
26:47 Horse Collar
27:01 Gold Mining
28:14 Conscription
29:17 Perfusion
29:06 Elite Huskarl
31:06 Two-Man Saw
31:59 Blast Furnace
31:34 Halberdier
34:27 Treadmill Crane
36:35 Heavy Plow
36:27 Stone Mining
spudybudy
6:53 Feudal Age
7:20 Loom
8:23 Double-Bit Axe
12:38 Castle Age
10:45 Horse Collar
11:21 Fletching
12:05 Padded Archer Armor
12:02 Gold Mining
13:31 Bow Saw
12:45 Crossbowman
13:14 Loom
14:45 Bodkin Arrow
16:10 Wheelbarrow
20:22 Town Watch
22:01 Stone Mining
23:03 Heavy Plow
25:37 Thumb Ring
26:16 Ballistics
30:10 Imperial Age
28:02 Hand Cart
28:15 Town Patrol
30:52 Torsion Engines
31:13 Conscription
30:19 Arbalester
32:05 Leather Archer Armor
31:40 Capped Ram
32:54 Bracer
34:03 Chemistry
34:10 Siege Ram
40:18 Ring Archer Armor
ec1ips3
8:07 Feudal Age
9:33 Double-Bit Axe
14:30 Castle Age
12:53 Horse Collar
17:28 Bloodlines
17:36 Scale Barding Armor
19:46 Bow Saw
19:44 Heavy Plow
22:14 Wheelbarrow
22:39 Forging
24:25 Hand Cart
24:04 Loom
28:30 Imperial Age
26:44 Iron Casting
26:17 Gold Mining
27:06 Husbandry
28:32 Heavy Hei Guang Cavalry
31:15 Elite Tiger Cavalry
32:56 Chain Barding Armor
36:54 Blast Furnace
rubBen
7:49 Feudal Age
11:43 Castle Age
10:46 Fletching
10:52 Loom
11:49 Loom
12:28 Bodkin Arrow
14:05 Padded Archer Armor
14:08 Double-Bit Axe
16:53 Leather Archer Armor
26:29 Imperial Age
27:16 Bracer
28:44 Conscription
31:33 Chemistry
32:00 Red Cliffs Tactics
34:07 Crossbowman
34:55 Arbalester
36:29 Ballistics
38:03 Elite Skirmisher
How do you turn this on
0:57 Loom
6:59 Feudal Age
7:44 Town Watch
11:28 Castle Age
9:29 Double-Bit Axe
10:10 Horse Collar
12:44 Wheelbarrow
19:50 Gold Mining
23:51 Imperial Age
22:52 Bow Saw
22:58 Heavy Plow
23:16 Fletching
23:26 Padded Archer Armor
23:52 Bodkin Arrow
25:00 Conscription
25:16 Hand Cart
24:30 Elite Skirmisher
26:21 Chemistry
27:16 Thumb Ring
29:02 Stone Mining
29:19 Elite Genoese Crossbowman
30:06 Squires
30:57 Ballistics
35:30 Bracer
35:46 Leather Archer Armor
40:16 Ring Archer Armor
ŞaşKomutan
0:28 Loom
7:46 Feudal Age
13:05 Castle Age
12:10 Double-Bit Axe
12:08 Horse Collar
14:37 Bow Saw
22:37 Wheelbarrow
25:05 Imperial Age
23:00 Gold Mining
26:27 Husbandry
26:43 Heavy Plow
29:37 Chemistry
29:46 Bloodlines
30:36 Crop Rotation
30:41 Guilds
30:57 Forging
31:55 Conscription
31:21 Elite War Elephant
33:07 Iron Casting
33:34 Town Watch
34:03 Masonry
34:16 Hand Cart
35:08 Blast Furnace
36:09 Gold Shaft Mining
37:05 Murder Holes
37:42 Architecture
37:19 Scale Barding Armor
37:23 Stone Mining
38:03 Town Patrol
39:05 Two-Man Saw
38:53 Hoardings
39:03 Chain Barding Armor
40:28 Plate Barding Armor
41:27 Fletching
42:53 Bodkin Arrow
新手别搞
8:24 Feudal Age
11:53 Castle Age
10:22 Double-Bit Axe
13:50 Bow Saw
16:58 Domestication
19:04 Pastoralism
23:59 Imperial Age
22:29 Wheelbarrow
22:10 Gold Mining
22:11 Stone Mining
23:05 Forging
23:35 Scale Barding Armor
23:50 Husbandry
24:34 Iron Casting
24:51 Chain Barding Armor
24:35 Elite Steppe Lancer
28:15 Hand Cart
29:13 Plate Barding Armor
32:57 Conscription
32:46 Ordo Cavalry
哈基咩
8:07 Feudal Age
9:05 Double-Bit Axe
9:06 Horse Collar
12:00 Castle Age
11:01 Gold Mining
13:29 Bow Saw
12:48 Crossbowman
13:44 Padded Archer Armor
13:40 Fletching
15:06 Bodkin Arrow
15:56 Padded Archer Armor
17:54 Thumb Ring
19:17 Loom
21:59 Ballistics
23:58 Gold Shaft Mining
26:26 Leather Archer Armor
31:13 Imperial Age
31:58 Bracer
32:29 Ring Archer Armor
31:36 Arbalester
33:35 Bolt Magazine
36:08 Chemistry
43:08 Conscription
Connection lost

Rejoining the realm…

Still unreachable

The connection could not be restored.

Session expired

The server has moved on; the page needs a fresh start.